 Dungeon Crawl Stone Soup version 0.30-a0-897-ga2f19c967e (webtiles) character file.

Game seed: 150900038350136660

31459 Corto the Geomancer (level 13, -1/78 HPs)
             Began as a Gargoyle Earth Elementalist on Mar 18, 2023.
             Was a Believer of Vehumet.
             Slain by a meliai
             ... wielding a +0 hand axe
              (9 damage)
             ... on level 4 of the Lair of Beasts.
             The game lasted 00:58:29 (16173 turns).

Corto the Geomancer (Gargoyle Earth Elementalist)  Turns: 16173, Time: 00:58:30

Health: -1/78      AC: 15    Str: 12    XL:     13   Next: 58%
Magic:  25/25      EV: 18    Int: 38    God:    Vehumet [**....]
Gold:   1554       SH:  4    Dex: 10    Spells: 19/28 levels left

rFire   . . .      SeeInvis .    o - +7 hand axe of Gallantry {heavy, Int+3}
rCold   . . .      Faith    .    K - +0 buckler
rNeg    + . .      Spirit   .    p - +0 steam dragon scales
rPois   ∞          Reflect  .    J - +0 helmet of Daept {*Corrode +Inv Int+8}
rElec   +          Rampage  +    E - scarf {repulsion}
rCorr   .                        S - +2 pair of gloves
Will    .....                    n - +2 pair of boots {rampage}
Stlth   ++                       T - amulet of magic regeneration
HPRegen 0.33/turn                A - +6 ring of intelligence
MPRegen 0.59/turn                N - +5 ring of evasion

@: corroded, hasted, repel missiles, very quick
A: sickness immunity, AC +9, negative energy resistance 1, electricity
resistance, torment resistance 1, petrification resistance
a: Renounce Religion, Evoke Invisibility


You were on level 4 of the Lair of Beasts.
You worshipped Vehumet.
Vehumet was pleased with you.
You visited 3 branches of the dungeon, and saw 15 of its levels.
You also visited: Bailey.

You collected 1794 gold pieces.
You spent 240 gold pieces at shops.

Inventory:

Hand Weapons
 m - a +1 flail
 o - the +7 hand axe of Gallantry (weapon) {heavy, Int+3}
   (You found it on level 8 of the Dungeon)

   Int:       It affects your intelligence (+3).
Armour
 n - a +2 pair of boots of rampaging (worn)
 p - +0 steam dragon scales (worn)
 v - a +2 helmet of intelligence
 E - a scarf of repulsion (worn)
 F - a +1 cloak
 J - the +0 helmet of Daept (worn) {*Corrode +Inv Int+8}
   (You found it on level 2 of the Lair of Beasts)

   Int:       It affects your intelligence (+8).
   +Inv:      It lets you turn invisible.
   *Corrode:  It may corrode you when you take damage.
 K - a +0 buckler (worn)
 S - a +2 pair of gloves (worn)
Jewellery
 h - an amulet of reflection
 r - a ring of protection from fire
 A - a +6 ring of intelligence (left hand)
 L - a ring of positive energy
 N - a +5 ring of evasion (right hand)
 T - an amulet of magic regeneration (around neck)
 U - a ring of see invisible
Wands
 a - a wand of mindburst (21)
 c - a wand of light (10)
 q - a wand of paralysis (2)
 u - a wand of flame (35)
 x - a wand of roots (16)
 y - a wand of polymorph (3)
 D - a wand of digging (3)
Scrolls
 d - 9 scrolls of teleportation {@r4}
 f - 2 scrolls of poison
 i - 2 scrolls of immolation {!r}
 j - 4 scrolls of fog
 t - 4 scrolls of blinking
 G - 2 scrolls of amnesia
 I - 3 scrolls of magic mapping
 M - a scroll of enchant weapon
 O - 3 scrolls of fear
 Q - 2 scrolls of identify {@r9}
Potions
 b - 4 potions of magic
 e - 8 potions of curing {@q1}
 g - a potion of mutation {!q}
 k - a potion of brilliance
 l - a potion of cancellation
 s - a potion of invisibility
 w - 4 potions of lignification {!q}
 z - 3 potions of might
 B - 2 potions of haste {@q3}
 C - 10 potions of flight
 H - a potion of resistance
Miscellaneous
 P - a phantom mirror


   Skills:
 + Level 7.9 Fighting
 + Level 7.4 Maces & Flails
 - Level 6.0 Armour
 + Level 6.4 Dodging
 - Level 2.1 Stealth
 - Level 4.0 Shields
 + Level 8.2 Spellcasting
 + Level 9.1 Conjurations
 - Level 0.7 Transmutations
 + Level 7.0 Fire Magic
 + Level 10.9 Earth Magic
 + Level 6.7 Evocations


You had 19 spell levels left.
You knew the following spells:

 Your Spells              Type           Power      Damage    Failure   Level
a - Sandblast             Erth           100%       2d20      1%          1
b - Stone Arrow           Conj/Erth      100%       3d13      1%          3
c - Fireball              Conj/Fire      33%        3d14      3%          5

Your spell library contained the following spells:

 Spells                   Type           Power      Damage    Failure   Level
 Ignite Poison            Fire/Tmut/Pois 35%        N/A       3%          3
 Foxfire                  Conj/Fire      100%       2x1d9     1%          1
 Passwall                 Tmut/Erth      46%        N/A       1%          2
 Dazzling Flash           Conj/Hex       100%       N/A       1%          3
 Hailstorm                Conj/Ice       50%        3d11      1%          3
 Mephitic Cloud           Conj/Pois/Air  38%        N/A       2%          3
 Petrify                  Tmut/Erth      56%        N/A       2%          4
 Freeze                   Ice            60%        1d7       3%          1
 Slow                     Hex            60%        N/A       3%          1
 Poisonous Vapours        Pois/Air       30%        N/A       4%          2
 Iskenderun's Mystic Bla  Conj/Tloc      50%        2d11      4%          4
 Borgnjor's Vile Clutch   Necr/Erth      27%        N/A       9%          5
 Confusing Touch          Hex            15%        N/A       10%         3
 Frozen Ramparts          Ice            30%        1d5       10%         3
 Gell's Gravitas          Tloc           15%        N/A       10%         3
 Teleport Other           Tloc           15%        N/A       10%         3
 Vampiric Draining        Necr           15%        2d7       10%         3
 Lightning Bolt           Conj/Air       25%        1d41      13%         5
 Starburst                Conj/Fire      33%        6d10      17%         6
 Airstrike                Air            7%         2d(2-18)  30%         4
 Summon Lightning Spire   Summ/Air       15%        N/A       30%         4
 Alistair's Intoxication  Tmut/Pois      12%        N/A       58%         5
 Dispersal                Tloc           7%         N/A       99%         6
 Eringya's Noxious Bog    Tmut/Pois      9%         N/A       99%         6
 Cigotuvi's Dreadful Rot  Necr/Pois/Air  Unusable   N/A       N/A         2

Dungeon Overview and Level Annotations

Branches:
Dungeon (10/15)            Temple (1/1) D:7            Lair (4/5) D:9
  Swamp (0/4) Lair:2       Spider (0/4) Lair:3          Orc (0/2) D:10
 Bailey (visited)
  Slime: Lair:4-5

Altars:
Dithmenos
Elyvilon
Fedhas
Gozag
Hepliaklqana
Kikubaaqudgha
Makhleb
Nemelex Xobeh
Okawaru
Qazlal
Sif Muna
Trog
Uskayaw
Vehumet
Wu Jian
Xom
Yredelemnul
Zin
The Shining One

Shops:
D:10 =

Annotations:
D:8 1 runed translucent door, Ijustatesigmund's ghost, novice GnFE


Innate Abilities, Weirdness & Mutations

You are immune to sickness and miasma.
Your stone body is resilient. (AC +9)
You are immune to poison.
You resist negative energy. (rN+)
You are resistant to electric shocks. (rElec)
You are resistant to unholy torment.
You are immune to petrification.


Message History

The meliai calls down the wrath of its god upon you.
Something smites you! The meliai completely misses you. The meliai misses you.
You hear an angry buzzing noise. x2
The killer bee attacks as you move away!
The killer bee barely misses you.
The killer bee attacks as you move away!
The killer bee completely misses you.
You hear an angry buzzing noise.
The meliai attacks as you move away! The meliai hits you but does no damage.
The meliai completely misses you. x2; The meliai misses you.
The meliai attacks as you move away! The meliai closely misses you.
The meliai completely misses you. The meliai closely misses you.
The meliai completely misses you.
The boulder beetle leaps!
The meliai mumbles some strange prayers to its god against you.
Something smites you! The meliai closely misses you. x2
The meliai mumbles some strange prayers to its god against you.
Something smites you!
* * * LOW HITPOINT WARNING * * *
The killer bee stings you.
* * * LOW HITPOINT WARNING * * *
The killer bee attacks as you move away!
The killer bee barely misses you. The meliai closely misses you.
You block the meliai's attack. The meliai barely misses you.
The meliai misses you. The killer bee closely misses you.
You feel yourself speed up. The meliai misses you.
The meliai stings you but does no damage.
The meliai hits you but does no damage. The meliai misses you.
The killer bee misses you. The meliai barely misses you.
The meliai completely misses you. The killer bee completely misses you.
The meliai hits you with a +0 hand axe!
* * * LOW HITPOINT WARNING * * *
Your corrosive artefact corrodes you!
The meliai stings you but does no damage.
You block the killer bee's attack. You block the killer bee's attack.
The meliai completely misses you. You block the meliai's attack.
The meliai hits you but does no damage.
The meliai stings you but does no damage.
The killer bee stings you but does no damage.
The meliai attacks as you move away! The meliai hits you with a +0 hand axe!
You die... •••• █≈•≈•≈•≈█ ••█ █•••••••█ ██ ██•████ ██•█•█ ███P██••██•███ █••°█ ██••••••••••••█ ██•██ █••••••••••••█ ████••█ ██•••••••••••████••••████•██ ██•••••••••••••█y••••†•••••• █••••••••>•••••@yy•█••█████• ██•••••••••••███y•█••••█ ███•••••███•█ ██████•██ █••(•███•██ •█ ███••••••••█ •• █•███••PP••███ ••█ ██•••••••••█•██ ••• █•••••••••••••• █••••••••••P██P

You could see 2 meliai and 2 killer bees.

Vanquished Creatures
  Harold (Lair:1)
  Erica (D:8)
  2 catoblepae (Lair:2)
  5 hydras
  A skyshark (Lair:1)
  2 swamp dragons (Lair:2)
  Pikel (D:8)
  9 elephants
  An ugly thing (D:9)
  Joseph (D:8)
  4 black mambas
  A gargoyle (D:10)
  A torpor snail (Lair:2)
  6 cane toads
  2 rime drakes
  8 komodo dragons
  A polar bear (Lair:3)
  A tyrant leech (Lair:2)
  2 dream sheep (Lair:2)
  A hornet (D:9)
  13 blink frogs
  Sigmund (D:3)
  32 yaks
  A spriggan (Lair:1)
  4 wyverns
  A wraith (D:10)
  A basilisk (Lair:2)
  2 steam dragons
  2 swamp worms (Lair:2)
  A warg (D:10)
  3 water moccasins
  3 black bears
  8 orc warriors
  A sky beast (D:7)
  3 ice beasts
  2 centaurs
  A lemure (D:8)
  5 kobold brigands
  10 bullfrogs
  2 scorpions
  3 wights
  10 killer bees
  4 howler monkeys
  An electric eel (D:6)
  A jelly (D:6)
  An orc priest (D:4)
  3 hounds
  A gnoll bouda (D:10)
  4 iguanas
  6 orc wizards
  6 gnolls
  11 adders
  A shadow imp (D:7)
  A white imp (D:4)
  2 worms
  2 dart slugs (D:1)
  39 orcs
  8 ball pythons
  5 bats
  5 endoplasms
  A giant cockroach (D:4)
  8 hobgoblins
  11 jackals
  35 kobolds
  5 quokkas
  2 frilled lizards
  6 goblins
  7 rats
336 creatures vanquished.

Vanquished Creatures (others)
  4 bushes (Lair:1)
  16 fungi
  18 plants
38 creatures vanquished.

Grand Total: 374 creatures vanquished

Notes
Turn   | Place    | Note
-------+----------+-------------------------------------------
     0 | D:1      | Corto the Gargoyle Earth Elementalist began the quest for
                  | the Orb.
     0 | D:1      | Reached XP level 1. HP: 10/10 MP: 3/3
    76 | D:1      | Reached XP level 2. HP: 15/15 MP: 0/5
   139 | D:1      | Reached skill level 4 in Earth Magic
   396 | D:1      | Reached XP level 3. HP: 14/19 MP: 4/6
   424 | D:1      | Learned a level 3 spell: Stone Arrow
  1441 | D:2      | Found a faded altar of an unknown god.
  1443 | D:2      | Reached skill level 1 in Conjurations
  1546 | D:2      | You fall into a shaft and drop 2 floors!
  1546 | D:4      | Found a shimmering altar of Xom.
  1546 | D:4      | Found an ancient bone altar of Kikubaaqudgha.
  1566 | D:4      | Found a sparkling altar of Nemelex Xobeh.
  1597 | D:4      | Reached XP level 4. HP: 24/24 MP: 6/8
  1638 | D:4      | Reached skill level 5 in Earth Magic
  1638 | D:4      | Reached XP level 5. HP: 28/28 MP: 3/9
  1871 | D:4      | Reached XP level 6. HP: 32/32 MP: 8/11
  2010 | D:4      | Reached skill level 6 in Earth Magic
  2624 | D:3      | Noticed Sigmund
  2631 | D:3      | Killed Sigmund
  2632 | D:3      | Reached XP level 7. HP: 34/36 MP: 8/13
  3601 | D:5      | Entered Level 5 of the Dungeon
  4286 | D:5      | Reached skill level 1 in Fighting
  4286 | D:5      | Reached skill level 1 in Armour
  4310 | D:5      | Reached skill level 1 in Maces & Flails
  4310 | D:5      | Reached skill level 1 in Evocations
  4690 | D:6      | Reached XP level 8. HP: 43/43 MP: 11/15
  4866 | D:6      | Found a bloodstained altar of Trog.
  5076 | D:6      | Reached skill level 1 in Shields
  5120 | D:6      | Reached skill level 1 in Fire Magic
  5176 | D:6      | Reached skill level 7 in Earth Magic
  5696 | D:6      | Reached skill level 5 in Spellcasting
  5756 | D:7      | Reached skill level 5 in Conjurations
  5792 | D:7      | Reached XP level 9. HP: 47/49 MP: 12/16
  6589 | D:7      | Found a staircase to the Ecumenical Temple.
  6598 | Temple   | Entered the Ecumenical Temple
  6908 | D:8      | Found a flagged portal.
  6922 | D:8      | Identified the +7 hand axe of Gallantry {heavy, Int+3}
  6942 | Bailey   | Entered a bailey
  7797 | D:8      | Found a runed translucent door.
  7801 | D:8      | Noticed Ijustatesigmund's ghost (novice GnFE)
  7873 | D:8      | Noticed Erica
  7942 | D:8      | Reached XP level 10. HP: 56/56 MP: 18/18
  8193 | D:8      | Noticed Joseph
  8198 | D:8      | Killed Joseph
  8199 | D:8      | Reached skill level 8 in Earth Magic
  8361 | D:8      | Killed Erica
  8563 | D:8      | Noticed Pikel
  8582 | D:8      | Killed Pikel
  9206 | D:9      | Found a staircase to the Lair.
  9254 | D:9      | Found a burning altar of Makhleb.
  9323 | D:9      | Found a glowing silver altar of Zin.
  9660 | D:9      | Noticed a green ugly thing
  9667 | D:9      | Killed a green ugly thing
  9839 | D:10     | Entered Level 10 of the Dungeon
  9940 | D:10     | Found a staircase to the Orcish Mines.
  9975 | D:10     | Reached XP level 11. HP: 62/62 MP: 11/20
 10098 | D:10     | Found a radiant altar of Vehumet.
 10106 | D:10     | Became a worshipper of Vehumet
 10113 | D:10     | Learned a level 5 spell: Fireball
 10207 | D:10     | Reached skill level 5 in Fighting
 10207 | D:10     | Reached skill level 5 in Armour
 10456 | D:10     | Found Ymywk's Jewellery Boutique.
 10464 | D:10     | Bought a ring of see invisible for 240 gold pieces
 11002 | Temple   | Identified a scroll of acquirement
 11002 | Temple   | Acquired 876 gold pieces
 11153 | Lair:1   | Entered Level 1 of the Lair of Beasts
 11208 | Lair:1   | Reached skill level 5 in Maces & Flails
 11358 | Lair:1   | Noticed Harold
 11365 | Lair:1   | Killed Harold
 11366 | Lair:1   | Reached skill level 9 in Earth Magic
 11450 | Lair:1   | Reached * piety under Vehumet
 11450 | Lair:1   | Offered knowledge of Shock by Vehumet.
 11566 | Lair:1   | You fall into a shaft and drop 1 floor!
 11599 | Lair:2   | Noticed a catoblepas
 11936 | Lair:1   | Noticed a skyshark
 11939 | Lair:1   | Reached skill level 5 in Fire Magic
 11944 | Lair:1   | Killed a skyshark
 11945 | Lair:1   | Reached skill level 5 in Dodging
 11945 | Lair:1   | Reached skill level 5 in Evocations
 12301 | Lair:2   | Noticed a four-headed hydra
 12315 | Lair:2   | Reached XP level 12. HP: 63/70 MP: 22/22
 12654 | Lair:2   | Killed a four-headed hydra
 12809 | Lair:2   | Found a transporter.
 12922 | Lair:2   | Found a transporter.
 12932 | Lair:2   | Identified the +0 helmet of Daept {*Corrode +Inv Int+8}
 12940 | Lair:2   | Noticed a catoblepas
 13409 | Lair:2   | Killed a catoblepas
 13410 | Lair:2   | Reached skill level 10 in Earth Magic
 13525 | Lair:2   | Killed a catoblepas
 13525 | Lair:2   | Offered knowledge of Momentum Strike by Vehumet.
 13756 | Lair:2   | Noticed a four-headed hydra
 13759 | Lair:2   | Killed a four-headed hydra
 13799 | Lair:2   | Noticed a five-headed hydra
 13802 | Lair:2   | Killed a five-headed hydra
 13838 | Lair:2   | Found a staircase to the Swamp.
 14547 | Lair:3   | Reached XP level 13. HP: 76/76 MP: 22/24
 14901 | Lair:3   | Reached ** piety under Vehumet
 15482 | Lair:3   | Found a hole to the Spider Nest.
 16152 | Lair:4   | Offered knowledge of Ignite Poison by Vehumet.
 16154 | Lair:4   | Found an ornate altar of the Wu Jian Council.
 16154 | Lair:4   | Found a hide-covered altar of Uskayaw.
 16173 | Lair:4   | Slain by a meliai

Illustrated notes

Levels and vault maps discovered:
D:1:      dpeg_arrival_line_fractal, layout_rooms
D:2:      layout_basic, dreamdust_ecumenical_altar_angels_and_demons,
          dreamdust_princess_bridge, minmay_misc_feat_x
D:3:      layout_basic, grunt_decor_arrowhead, uniq_sigmund
D:4:      layout_rooms, minitemple
D:5:      layout_loops_corners, minmay_misc_feat_ornament
D:6:      layout_basic, general_overflow_altar, nicolae_kite_square_tiling_tiny,
          kennysheep_nub, kennysheep_big_empty_room
D:7:      minmay_spotlight, layout_basic, temple_hall,
          chequers_serial_rivers_small_3
D:8:      layout_basic, enter_bailey_2, hellmonk_ghost_big_iron,
          eino_small_chamber_without_monster, uniq_joseph, uniq_pikel,
          uniq_erica
D:9:      layout_roguey, nicolae_overflow_hidden_temple,
          mainiacjoe_overflow_concentric_impassable, dpeg_oklobed_lair,
          dk_rats_in_the_wall
D:10:     layout_roguey, vehumet_altar_wand_db, david_orc_1_choice,
          serial_shops, nicolae_shop_hallway_plus
Temple:   hellmonk_temple_two_chambers
Lair:1:   layout_chaotic_city, grunt_forest_large_clearing_hut,
          grunt_megastairs_3, uniq_harold
Lair:2:   gammafunk_cloud_chamber, layout_cave_pods, palyth_hydra_swamp_entry
Lair:3:   layout_regular_city, spider_nest_entry_web_field
Lair:4:   layout_roguey [special_room_bee], nzn_masters_of_martial_movement,
          grunt_megastairs_4

Skill      XL: |  1  2  3  4  5  6  7  8  9 10 11 12 13 |
---------------+----------------------------------------+-----
Earth Magic    | 4 5 6 7 8 9 10 | 10.9
Conjurations   | 1 2 4 5 6 7 8 9 |  9.1
Spellcasting   | 3 4 5 6 7 8 |  8.2
Fighting       | 1 2 3 4 6 7 |  7.9
Armour         | 1 2 3 4 6 |  6.0
Maces & Flails | 1 2 3 4 5 6 7 |  7.4
Dodging        | 2 3 4 5 6 |  6.4
Evocations     | 1 2 3 4 5 6 |  6.7
Shields        | 2 3 4 |  4.0
Fire Magic     | 1 2 4 5 6 7 |  7.0
Stealth        | |  2.1
Transmutations | |  0.7

Action                     |  1- 3 |  4- 6 |  7- 9 | 10-12 | 13-15 || total
---------------------------+-------+-------+-------+-------+-------++-------
  Melee: Mace              |     9 |       |       |       |       ||     9
         Dagger            |     3 |     7 |     1 |       |       ||    11
         Hand axe          |       |       |     9 |    24 |     3 ||    36
   Cast: Sandblast         |    57 |    60 |   181 |   329 |   174 ||   801
         Stone Arrow       |       |       |     4 |    19 |       ||    23
    Use: Scroll            |       |       |    14 |    11 |     3 ||    28
         Potion            |       |       |       |     2 |     1 ||     3
 Armour: Robe              |    18 |     9 |    38 |       |       ||    65
         Steam dragon scal |       |       |    17 |   136 |   122 ||   275
  Dodge: Dodged            |    25 |    12 |    90 |   247 |   225 ||   599
         Repelled          |       |       |       |     3 |     1 ||     4
  Block: Other             |       |       |     4 |       |       ||     4
         Reflection        |       |       |     1 |     4 |       ||     5
         Buckler           |       |       |       |    71 |    60 ||   131

Table legend: (Time is in decaauts)
 A = Elapsed time spent in this place.
 B = Non-inter-level travel time spent in this place.
 C = Inter-level travel time spent in this place.
 D = Time resting spent in this place.
 E = Time spent auto-exploring this place.
 F = Levels seen in this place.
 G = Mean time per level.
                   A        B        C        D        E       F      G
               +--------+--------+--------+--------+--------+-----+--------+
         Total |  16633 |  15600 |   1033 |   2567 |   9097 |  16 | 1039.6 |
       Dungeon |  10452 |   9616 |    836 |    576 |   7269 |  10 | 1045.2 |
        Temple |     97 |     89 |      8 |      0 |     10 |   1 |   97.0 |
          Lair |   5253 |   5065 |    188 |   1551 |   1730 |   4 | 1313.2 |
        Bailey |    829 |    829 |      0 |    440 |     88 |   1 |  829.0 |
               +--------+--------+--------+--------+--------+-----+--------+

Top non-repeatable levels by time:
  Lair:2: 2455 daAuts
     D:8: 1382 daAuts
     D:7: 1336 daAuts
  Lair:3: 1233 daAuts
     D:6: 1165 daAuts
     D:2: 1121 daAuts
  Lair:1: 1061 daAuts
    D:10: 1012 daAuts
     D:5: 994 daAuts
     D:4: 950 daAuts
     D:9: 888 daAuts
     D:1: 844 daAuts
  Bailey: 829 daAuts
     D:3: 756 daAuts
  Lair:4: 503 daAuts
